 Dungeon Crawl Stone Soup version 0.28-a0-984-g3775c662fe (webtiles) character file.

Game seed: 7063711396402480313

21499 vurker the Thaumaturge (level 12, 40/59 HPs)
             Began as a Felid Air Elementalist on Dec 3, 2021.
             Was an Elder of Vehumet.
             Quit the game on level 5 of the Lair of Beasts.
             The game lasted 00:33:41 (36266 turns).

vurker the Thaumaturge (Felid Air Elementalist)    Turns: 36266, Time: 00:33:42

Health: 40/59      AC:  3    Str:  4    XL:     12   Next: 54%
Magic:  22/40      EV: 23    Int: 21    God:    Vehumet [****..]
Gold:   1177       SH:  0    Dex: 17    Spells: 29/39 levels left
                                        Lives:  0   Deaths: 2

rFire   . . .      SeeInvis +   (weapon unavailable)
rCold   + + .      Faith    .   (shield unavailable)
rNeg    . . .      Spirit   .   (armour unavailable)
rPois   .          Reflect  .   (helmet unavailable)
rElec   +          Harm     .   (cloak unavailable)
rCorr   .          Rampage  .   (gloves unavailable)
Will    +....                   (boots unavailable)
Stlth   +++++.....              y - amulet of the Air {Inacc Air Fly rElec RMsl}
HPRegen 0.19/turn               o - ring of magical power
MPRegen 0.27/turn               n - ring of protection from cold

@: flying, repel missiles, quick
A: very small, claws 1, fangs 3, see invisible, speed 1, shaggy fur 3, stealthy
paws, no weapons or thrown items, no armour, multi-lived
a: Renounce Religion


You were on level 5 of the Lair of Beasts.
You worshipped Vehumet.
Vehumet was greatly pleased with you.
You visited 3 branches of the dungeon, and saw 19 of its levels.

You collected 1532 gold pieces.
You spent 355 gold pieces at shops.

Inventory:

Jewellery
 h - the ring of Seihado {Fly Will- Int+8 Dex+5 Slay-3}
   (You found it on level 6 of the Dungeon)

   [ring of flight]

   Int:       It affects your intelligence (+8).
   Dex:       It affects your dexterity (+5).
   Slay:      It affects your accuracy & damage with ranged weapons and melee
   (-3).
   Fly:       It grants you flight.
   Will:      It decreases your willpower.
 n - a ring of protection from cold (right paw)
   (You took it off an orc wizard on level 6 of the Dungeon)
 o - a ring of magical power (left paw)
   (You bought it in a shop on level 2 of the Dungeon)
 w - a ring of protection from cold
   (You found it on level 1 of the Lair of Beasts)
 y - the amulet of the Air (around neck) {Inacc Air Fly rElec RMsl}
   (You found it on level 5 of the Lair of Beasts)

   [amulet of nothing]

   It reduces the accuracy of all your attacks.
   It enhances your air magic.
   rElec:     It insulates you from electricity.
   Fly:       It grants you flight.
   RMsl:      It protects you from missiles.
 C - a ring of ice
   (You found it on level 1 of the Lair of Beasts)
Wands
 a - a wand of polymorph (23)
   (You found it on level 4 of the Dungeon)
 d - a wand of iceblast (7)
   (You found it on level 10 of the Dungeon)
 l - a wand of mindburst (4)
   (You found it on level 1 of the Lair of Beasts)
 t - a wand of flame (37)
   (You took it off Ijyb on level 4 of the Dungeon)
 u - a wand of paralysis (10)
   (You found it on level 5 of the Dungeon)
 v - a wand of digging (1)
   (You found it on level 6 of the Dungeon)
 x - a wand of acid (6)
   (You took it off Erolcha on level 9 of the Dungeon)
Scrolls
 b - 4 scrolls of immolation
 k - 3 scrolls of teleportation
 r - 3 scrolls of amnesia
 s - 3 scrolls of magic mapping
 B - 2 scrolls of fog
 F - a scroll of blinking
 G - a scroll of identify
Potions
 c - a potion of invisibility
 e - 5 potions of heal wounds
 f - 2 potions of mutation
 g - 7 potions of curing
 i - 4 potions of lignification
 j - 3 potions of haste
 m - 5 potions of flight
 p - 5 potions of brilliance
 q - 2 potions of resistance
 z - a potion of might {unknown}
 A - a potion of cancellation {unknown}
 D - 9 potions of ambrosia
 E - a potion of attraction {unknown}


   Skills:
 + Level 10.8 Fighting
 - Level 10.0 Dodging
 - Level 10.0 Stealth
 * Level 14.1 Spellcasting
 - Level 3.0 Conjurations
 - Level 3.0 Necromancy
 * Level 12.7 Air Magic


You had 29 spell levels left.
You knew the following spells:

 Your Spells              Type           Power      Damage    Failure   Level
a - Shock                 Conj/Air       100%       1d9       1%          1
b - Ignite Poison         Fire/Tmut/Pois 14%        N/A       3%          3
c - Airstrike             Air            40%        N/A       1%          4
w - Sublimation of Blood  Necr           27%        N/A       1%          2

Your spell library contained the following spells:

 Spells                   Type           Power      Damage    Failure   Level
 Iskenderun's Battlesphe  Conj           27%        2d8       10%         5
 Animate Skeleton         Necr           54%        N/A       1%          1
 Foxfire                  Conj/Fire      84%        2x1d8     1%          1
 Magic Dart               Conj           100%       1d8       1%          1
 Pain                     Necr           100%       1d9       1%          1
 Sandblast                Erth           28%        2d8       1%          1
 Static Discharge         Conj/Air       64%        N/A       1%          2
 Conjure Flame            Conj/Fire      21%        6-21      1%          3
 Mephitic Cloud           Conj/Pois/Air  53%        N/A       1%          3
 Stone Arrow              Conj/Erth      42%        3d9       1%          3
 Swiftness                Air            80%        N/A       1%          3
 Frozen Ramparts          Ice            28%        1d4       3%          3
 Inner Flame              Hex/Fire       14%        N/A       3%          3
 Vampiric Draining        Necr           27%        2d7       3%          3
 Beastly Appendage        Tmut           28%        N/A       4%          1
 Slow                     Hex            56%        N/A       4%          1
 Call Imp                 Summ           14%        N/A       6%          2
 Passwall                 Tmut/Erth      11%        N/A       6%          2
 Wereblood                Tmut           14%        N/A       6%          2
 Flame Wave               Conj/Fire      21%        2d6       6%          4
 Sticky Flame             Conj/Fire      21%        2d4       6%          4
 Dispel Undead            Necr           27%        3d13      12%         4
 Confusing Touch          Hex            14%        N/A       13%         3
 Spider Form              Tmut/Pois      14%        N/A       13%         3
 Yara's Violent Unravell  Hex/Tmut       7%         3d5       28%         5
 Ice Form                 Ice/Tmut       14%        N/A       38%         4
 Summon Ice Beast         Ice/Summ       14%        N/A       38%         4
 Summon Hydra             Summ           7%         N/A       100%        7
 Borgnjor's Revivificati  Necr           13%        N/A       100%        8
 Necromutation            Tmut/Necr      10%        N/A       100%        8
 Death's Door             Necr           13%        N/A       100%        9


Dungeon Overview and Level Annotations

Branches:
Dungeon (12/15)            Temple (1/1) D:6            Lair (6/6) D:10
  Swamp (0/4) Lair:4        Snake (0/4) Lair:3
  Slime: Lair:5-6       Orc: D:9-12

Altars:
Ashenzari
Cheibriados
Dithmenos
Elyvilon
Fedhas
Gozag
Hepliaklqana
Kikubaaqudgha
Makhleb
Nemelex Xobeh
Okawaru
Qazlal
Ru
Sif Muna
Trog
Uskayaw
Vehumet
Wu Jian
Yredelemnul
Zin
The Shining One

Shops:
D:2 =   D:6 [   D:8 ?   D:11 *[*

Annotations:
D:7 2 runed translucent doors
Lair:5 1 runed translucent door, rigao's ghost, journeyman OpVM


Innate Abilities, Weirdness & Mutations

You have sharp claws.
You have razor-sharp teeth.
You have supernaturally acute eyesight. (SInv)
You cover ground quickly. (Speed+)
Your thick and shaggy fur keeps you warm. (AC +3, rC+)
Your paws help you pounce on unaware monsters.
You are incapable of wielding weapons or throwing items.
You cannot wear armour.
You gain extra lives every three experience levels.


Message History

You fly upwards.
Level annotation: 1 runed translucent door, rigao's ghost, journeyman OpVM
There is a stone staircase leading down here.
Aim: a lindwurm (heavily wounded, empty space bonus: 7/8)
You feel a surge of power!
The air twists around and strikes the lindwurm!
The lindwurm breathes flames at you. The blast of flame misses you.
Aim: a lindwurm (almost dead, catching its breath, empty space bonus: 7/8)
You feel a surge of power!
The air twists around and strikes the lindwurm!
The lindwurm misses you. The lindwurm completely misses you. x2
Aim: a lindwurm (almost dead, catching its breath, empty space bonus: 7/8)
You feel a surge of power!
The air twists around and strikes the lindwurm!
You kill the lindwurm!
Vehumet accepts your kill.
You feel your power returning.
You can't see any susceptible monsters within range! (Use Z to cast anyway.)
There is a stone staircase leading down here.
You start resting.
You fly downwards.
There is a stone staircase leading up here.
Aim: an elephant (wandering, hasn't noticed you, empty space bonus: 3/8)
You feel a surge of power!
The air twists around and strikes the elephant!
The elephant trumpets!
You hear a trumpeting! x2
Aim: an elephant (lightly wounded, empty space bonus: 4/8)
You feel a surge of power!
The air twists around and strikes the elephant!
The wyvern hisses angrily.
The wyvern misses you. The wyvern bites you.
You fly upwards.
Level annotation: 1 runed translucent door, rigao's ghost, journeyman OpVM
There is a stone staircase leading down here.
Aim: a wyvern (empty space bonus: 7/8)
You feel a surge of power!
The air twists around and strikes the wyvern!
The wyvern bites you.
Aim: a wyvern (moderately wounded, empty space bonus: 7/8)
You feel a surge of power!
The air twists around and strikes the wyvern!
The wyvern bites you! The wyvern completely misses you.
Aim: a wyvern (almost dead, empty space bonus: 7/8)
You feel a surge of power!
The air twists around and strikes the wyvern!
You kill the wyvern!
Vehumet accepts your kill.
You can't see any susceptible monsters within range! (Use Z to cast anyway.)
You can't see any susceptible monsters within range! (Use Z to cast anyway.)

#..........P#....##
##..............P##
#......###P#P.....#
#.....## ###.......
#P....## ##.#......
##...(P###.#.......
#................#.
#......#...##..##..
##@...P...####..##.
#P..)P.....P#...P.#
#......##..........
##....##.#####....#
##..#.### #.....
#....# #...P.
#....#######.....
##....#..##...P..
##..............#


There were no monsters in sight!

Vanquished Creatures
  Rupert (Lair:5)
  An ettin (Lair:5)
  Josephine (Lair:4)
  7 hydras
  A catoblepas (Lair:1)
  Erolcha (D:9)
  4 two-headed ogres
  4 death yaks
  A lindwurm (Lair:5)
  9 elephants
  7 black mambas
  A manticore (D:9)
  21 cane toads
  A torpor snail (Lair:5)
  A kobold demonologist (D:10)
  5 rime drakes
  6 komodo dragons
  A queen bee (Lair:4)
  4 trolls
  3 meliai (Lair:4)
  2 tyrant leeches (Lair:4)
  A polar bear (Lair:4)
  Grinder (D:5)
  13 blink frogs
  5 dream sheep (Lair:3)
  2 shadows (D:11)
  46 yaks
  Sigmund (D:4)
  7 wyverns
  4 wraiths
  3 vampire mosquitoes (D:9)
  A steam dragon (Lair:3)
  4 basilisks
  A swamp worm (Lair:4)
  Duvessa (D:5)
  14 water moccasins
  5 orc warriors
  A black bear (Lair:1)
  2 ice beasts
  2 sky beasts (D:6)
  A necrophage (D:5)
  15 wolves
  3 ogres
  A phantom (D:4)
  4 centaurs
  2 kobold brigands
  7 bullfrogs
  A gnoll sergeant (D:7)
  A water moccasin zombie (D:5)
  Dowan (D:5)
  A water moccasin skeleton (D:5)
  27 killer bees
  2 vampire bats (D:8)
  7 wights
  An electric eel (D:10)
  3 howler monkeys (D:7)
  2 bullfrog zombies
  3 centaur zombies
  5 hounds
  9 orc priests
  A gnoll shaman (D:8)
  3 jellies
  Ijyb (D:4)
  Jessica (D:2)
  4 iguanas
  11 orc wizards
  A hound skeleton (D:4)
  Robin (D:4)
  10 gnolls
  A howler monkey skeleton (D:6)
  8 adders
  A shadow imp (D:6)
  A white imp (D:8)
  An ufetubus (D:5)
  2 adder skeletons
  2 worms
  4 dart slugs
  23 orcs
  7 endoplasms
  A giant cockroach (D:4)
  16 goblins
  10 hobgoblins
  2 quokkas
  9 ball pythons
  10 bats
  4 frilled lizards
  12 kobolds
  7 rats
446 creatures vanquished.

Vanquished Creatures (others)
  An orc wizard (D:8)
  65 fungi
  61 plants
127 creatures vanquished.

Grand Total: 573 creatures vanquished

Notes
Turn   | Place    | Note
-------+----------+-------------------------------------------
     0 | D:1      | vurker the Felid Air Elementalist began the quest for the
                  | Orb.
     0 | D:1      | Reached XP level 1. HP: 7/7 MP: 4/4
   251 | D:1      | Reached skill level 1 in Conjurations
   402 | D:1      | Reached XP level 2. HP: 12/12 MP: 4/6
   754 | D:1      | Found a faded altar of an unknown god.
  1003 | D:2      | Reached XP level 3. HP: 10/15 MP: 2/7
  1319 | D:2      | Reached skill level 1 in Fighting
  1934 | D:2      | Found Qoesmyxew's Jewellery Shop.
  1958 | D:2      | Noticed Jessica
  1961 | D:2      | Killed Jessica
  1962 | D:2      | Reached skill level 3 in Spellcasting
  1962 | D:2      | Reached XP level 4. HP: 19/19 MP: 5/9
  2874 | D:3      | Reached XP level 5. HP: 6/22 MP: 1/10
  3813 | D:4      | Learned a level 4 spell: Airstrike
  4016 | D:4      | Noticed Sigmund
  4044 | D:4      | Found a shadowy altar of Dithmenos.
  4283 | D:4      | Identified the +1 helmet of the Ego {*Slow Str+6 Dex+2}
  4283 | D:4      | Noticed Robin
  4288 | D:4      | Killed Robin
  4293 | D:4      | Noticed a phantom
  4623 | D:4      | Gained mutation: You are covered in thick fur. (AC +2)
                  | [Felid growth]
  4623 | D:4      | Reached XP level 6. HP: 26/26 MP: 5/12
  4686 | D:4      | Found a basalt altar of Yredelemnul.
  4806 | D:4      | Reached skill level 4 in Spellcasting
  4992 | D:4      | Noticed an ice beast
  5030 | D:4      | Killed an ice beast
  5544 | D:5      | Entered Level 5 of the Dungeon
  5555 | D:5      | Noticed Ijyb
  5557 | D:5      | Noticed a yak
  5557 | D:5      | Noticed a yak
  5559 | D:5      | Noticed a yak
  5568 | D:5      | Noticed a yak
  5587 | D:4      | Killed Ijyb
  5869 | D:5      | Noticed a water moccasin
  5882 | D:4      | Killed a water moccasin
  5883 | D:4      | Reached XP level 7. HP: 13/30 MP: 7/14
  6087 | D:5      | Noticed Duvessa
  6088 | D:5      | Noticed Dowan
  6359 | D:5      | Reached skill level 5 in Air Magic
  6707 | D:4      | Killed a yak
  6708 | D:4      | Reached skill level 5 in Spellcasting
  7089 | D:5      | Reached XP level 8. HP: 34/34 MP: 10/17
  7433 | D:5      | Killed Duvessa
  7437 | D:5      | Killed Dowan
  7604 | D:5      | Reached skill level 6 in Spellcasting
  8005 | D:5      | Learned a level 2 spell: Sublimation of Blood
  8043 | D:5      | Noticed Grinder
  8052 | D:5      | Killed Grinder
  8246 | D:5      | Reached skill level 1 in Necromancy
  8406 | D:5      | Reached XP level 9. HP: 39/39 MP: 11/20
  8413 | D:5      | Reached skill level 7 in Spellcasting
  8594 | D:5      | Found a bloodstained altar of Trog.
  8685 | D:5      | Reached skill level 5 in Fighting
  8731 | D:5      | Found a shimmering blue altar of Sif Muna.
  8970 | D:4      | Killed Sigmund
  9076 | D:2      | Bought a ring of magical power for 280 gold pieces
  9292 | D:6      | Found Xoale's Armour Shoppe.
  9320 | D:6      | Identified the ring of Seihado {Fly Will- Int+8 Dex+5
                  | Slay-3}
  9452 | D:6      | Found a staircase to the Ecumenical Temple.
  9461 | Temple   | Entered the Ecumenical Temple
  9846 | D:6      | Found a stormy altar of Qazlal.
  9957 | D:6      | Found a glowing silver altar of Zin.
 11566 | D:7      | Noticed a troll
 11570 | D:7      | Killed a troll
 11571 | D:7      | Reached skill level 8 in Spellcasting
 11719 | D:7      | Reached XP level 10. HP: 45/45 MP: 19/23
 12039 | D:7      | Found a large runed translucent door.
 12040 | D:7      | Found a large runed translucent door.
 12557 | D:8      | Found Qauppisusu's Magic Scroll Shoppe.
 12719 | D:8      | Found a hide-covered altar of Uskayaw.
 12719 | D:8      | Noticed a +0 dagger
 12719 | D:8      | Noticed a +0 short sword
 12719 | D:8      | Noticed a +0 spear
 12840 | D:8      | Noticed a +0 dagger
 12844 | D:8      | Noticed a +0 falchion
 12846 | D:8      | Noticed a +0 falchion
 12846 | D:8      | Noticed a +0 short sword
 13065 | D:8      | Noticed a +0 spear
 13091 | D:8      | Reached skill level 5 in Stealth
 13173 | D:8      | Reached skill level 5 in Dodging
 13859 | D:8      | Found a radiant altar of Vehumet.
 13870 | D:8      | Became a worshipper of Vehumet
 14406 | D:8      | Reached skill level 9 in Spellcasting
 14908 | D:9      | Noticed a two-headed ogre
 14916 | D:9      | Killed a two-headed ogre
 15059 | D:9      | Found a broken altar of Ashenzari.
 15088 | D:9      | Noticed Erolcha
 15093 | D:9      | Killed Erolcha
 15094 | D:9      | Reached XP level 11. HP: 16/50 MP: 14/25
 15106 | D:9      | Reached * piety under Vehumet
 15106 | D:9      | Offered knowledge of Freeze by Vehumet.
 15781 | D:9      | Noticed an eight-headed hydra
 15798 | D:9      | Killed an eight-headed hydra
 16176 | D:10     | Entered Level 10 of the Dungeon
 16432 | D:9      | Reached skill level 10 in Spellcasting
 16814 | D:10     | Noticed a two-headed ogre
 16890 | D:10     | Killed a two-headed ogre
 17030 | D:10     | Found an opulent altar of Gozag.
 17783 | D:10     | Noticed a two-headed ogre
 17808 | D:10     | Killed a two-headed ogre
 18055 | D:10     | Found a staircase to the Lair.
 18210 | D:11     | Found Numolimnisa's General Store.
 18459 | D:11     | Noticed a two-headed ogre
 18463 | D:11     | Killed a two-headed ogre
 18539 | D:11     | Found Owkynod's Assorted Antiques.
 18542 | D:11     | Bought a scroll labelled LAGA CACREQU for 27 gold pieces
 18542 | D:11     | Bought a puce potion for 24 gold pieces
 18542 | D:11     | Bought a murky purple potion for 24 gold pieces
 18567 | D:11     | Noticed a five-headed hydra
 18594 | D:11     | Killed a five-headed hydra
 18730 | D:11     | You fall into a shaft and drop 1 floor!
 18860 | D:11     | Reached ** piety under Vehumet
 18860 | D:11     | Offered knowledge of Poisonous Vapours by Vehumet.
 19023 | D:11     | Found Ketwuar's Antique Armour Emporium.
 19060 | D:11     | Gained mutation: Your thick and shaggy fur keeps you warm.
                  | (AC +3, rC+) [Felid growth]
 19060 | D:11     | Reached XP level 12. HP: 32/55 MP: 15/27
 19278 | D:11     | Reached skill level 11 in Spellcasting
 19688 | Lair:1   | Entered Level 1 of the Lair of Beasts
 19688 | Lair:1   | Noticed a catoblepas
 19704 | Lair:1   | Killed a catoblepas
 21027 | Lair:1   | Reached skill level 10 in Stealth
 22051 | Lair:2   | Reached skill level 10 in Air Magic
 22572 | Lair:2   | Reached skill level 12 in Spellcasting
 23382 | Lair:2   | Offered knowledge of Ignite Poison by Vehumet.
 23383 | Lair:2   | Reached skill level 10 in Dodging
 23387 | Lair:2   | Learned a level 3 spell: Ignite Poison
 24760 | Lair:3   | Noticed a five-headed hydra
 24778 | Lair:3   | Reached XP level 13. HP: 60/60 MP: 25/30
 25622 | Lair:3   | Reached *** piety under Vehumet
 25813 | Lair:3   | Found a staircase to the Snake Pit.
 26857 | Lair:4   | Found a sparkling altar of Nemelex Xobeh.
 26994 | Lair:4   | Found a staircase to the Swamp.
 27000 | Lair:4   | Offered knowledge of Dazzling Flash by Vehumet.
 27543 | Lair:2   | Reached skill level 13 in Spellcasting
 28046 | Lair:3   | Found a staircase to the Snake Pit.
 29158 | Lair:3   | Reached skill level 10 in Fighting
 30601 | Lair:4   | Noticed Josephine
 30611 | Lair:4   | Killed from afar by Josephine
 30612 | Lair:4   | Reached XP level 12. HP: -4/50 MP: 25/39
 30616 | Lair:4   | Killed Josephine
 31109 | Lair:4   | Reached **** piety under Vehumet
 31231 | Lair:3   | Killed a death yak
 31456 | Lair:4   | Offered knowledge of Iskenderun's Battlesphere by Vehumet.
 31457 | Lair:4   | Reached XP level 13. HP: 62/62 MP: 31/31
 32008 | Lair:4   | Found a sparkling altar of Nemelex Xobeh.
 32736 | Lair:5   | Noticed an ettin
 32736 | Lair:5   | a boulder beetle changed into an ettin
 33060 | Lair:5   | Found the amulet of the Air {Inacc Air Fly rElec RMsl}
 33186 | Lair:5   | Killed an ettin
 33462 | Lair:5   | Identified a scroll of acquirement
 33462 | Lair:5   | Acquired 401 gold pieces
 33578 | Lair:5   | Noticed Rupert
 33588 | Lair:5   | Killed Rupert
 33749 | Lair:5   | Found a runed translucent door.
 33755 | Lair:5   | Noticed rigao's ghost (journeyman OpVM)
 34065 | Lair:6   | Entered Level 6 of the Lair of Beasts
 34072 | Lair:6   | Reached skill level 14 in Spellcasting
 34605 | Lair:5   | Found a runed translucent door.
 35479 | Lair:5   | Slain by a yak
 35480 | Lair:5   | Reached XP level 12. HP: -3/59 MP: 40/40
 35916 | Lair:6   | Noticed a death yak
 36187 | Lair:6   | Noticed a death yak
 36266 | Lair:5   | Quit the game

Illustrated notes

Levels and vault maps discovered:
D:1:      dpeg_arrival_simpleton_a, layout_rooms,
          shapermc_ecumenical_altar_mp_urbaneastern
D:2:      layout_basic, serial_shops, shop, uniq_jessica
D:3:      layout_basic, serial_glass, glass_columns_a, glass_columns_b,
          bh_walls_and_bars
D:4:      layout_basic, yredelemnul_altar_generic,
          nicolae_dithmenos_shadow_blocks, minmay_between, uniq_sigmund,
          uniq_robin
D:5:      layout_gridville, nzn_overflow_gifts_of_might_and_magic, uniq_duvessa,
          uniq_grinder, uniq_ijyb
D:6:      layout_basic, mainiacjoe_overflow_six_doors_small,
          mainiacjoe_overflow_concentric_impassable, temple_green, serial_shops,
          shop
D:7:      layout_loops_corners, jmf_multi_god_temple2, minivault_24,
          hangedman_decor_growths
D:8:      layout_basic, nicolae_uskayaw_en_pointe, overflow_temple_1_default,
          enter_ossuary_1, serial_shops, shop, roderic_batcave
D:9:      layout_loops_ring, mainiacjoe_overflow_brackets, uniq_erolcha
D:10:     layout_stronghold, amcnicky_altar_gilded, erik_lair_island
D:11:     layout_roguey, serial_shops, shop, kennysheep_mini_moat,
          nicolae_shop_trees
D:12:     layout_roguey, hiddenorc2_lemuel, serial_shops, kennysheep_mini
Temple:   jpeg_temple_alley_garden
Lair:1:   layout_small_grid, grunt_megastairs_5
Lair:2:   layout_loops_ring, lemuel_old_faithful, grunt_megastairs_4,
          infiniplex_staircase_pool_2
Lair:3:   layout_cave_pods, minmay_snake_entry_six_corridors
Lair:4:   layout_roguey [special_room_bee], minmay_swamp_entry_worms,
          basic_altar, lemuel_fruit_fields, uniq_josephine
Lair:5:   layout_loops_ring, ebering_ghost_reflecting_pool, grunt_megastairs_2,
          uniq_rupert
Lair:6:   evil_forest, layout_loops_ring, slime_altar_2, st_stairs_8,
          minivault_11, grunt_megastairs_3

Skill      XL: |  1  2  3  4  5  6  7  8  9 10 11 12 13 |
---------------+----------------------------------------+-----
Conjurations   | 1 2 3 |  3.0
Air Magic      | 3 4 5 7 8 9 10 12 | 12.7
Fighting       | 1 2 3 4 5 7 8 9 10 | 10.8
Spellcasting   | 3 4 5 6 8 9 10 12 14 | 14.1
Necromancy     | 1 3 |  3.0
Dodging        | 4 6 8 10 | 10.0
Stealth        | 4 7 9 10 | 10.0

Action                   |  1- 3 |  4- 6 |  7- 9 | 10-12 | 13-15 || total
-------------------------+-------+-------+-------+-------+-------++-------
Melee: Unarmed           |       |       |       |     2 |       ||     2
 Cast: Shock             |    90 |   173 |   154 |   157 |    32 ||   606
       Airstrike         |       |       |    83 |   466 |   292 ||   841
Evoke: Wand              |       |       |       |     3 |    10 ||    13
  Use: Scroll            |       |     7 |     7 |     6 |     6 ||    26
       Potion            |       |       |       |     3 |     1 ||     4
Armor: Skin              |       |       |     4 |     9 |    15 ||    28
Dodge: Dodged            |     9 |    30 |    36 |   161 |   125 ||   361

Table legend: (Time is in decaauts)
 A = Elapsed time spent in this place.
 B = Non-inter-level travel time spent in this place.
 C = Inter-level travel time spent in this place.
 D = Time resting spent in this place.
 E = Time spent auto-exploring this place.
 F = Levels seen in this place.
 G = Mean time per level.
                   A        B        C        D        E       F      G
               +--------+--------+--------+--------+--------+-----+--------+
         Total |  33081 |  31752 |   1329 |   4373 |  23674 |  19 | 1741.1 |
       Dungeon |  17751 |  17099 |    652 |   1051 |  14117 |  12 | 1479.2 |
        Temple |    218 |    175 |     43 |      0 |    156 |   1 |  218.0 |
          Lair |  15112 |  14478 |    634 |   3322 |   9401 |   6 | 2518.7 |
               +--------+--------+--------+--------+--------+-----+--------+

Top non-repeatable levels by time:
  Lair:3: 4105 daAuts
  Lair:4: 3234 daAuts
  Lair:5: 2822 daAuts
     D:4: 2594 daAuts
  Lair:1: 2583 daAuts
  Lair:2: 2305 daAuts
     D:5: 2138 daAuts
     D:8: 2079 daAuts
     D:9: 1748 daAuts
     D:3: 1685 daAuts
    D:10: 1446 daAuts
     D:7: 1443 daAuts
     D:6: 1320 daAuts
    D:11: 1279 daAuts
     D:2: 1211 daAuts
